 Dungeon Crawl Stone Soup version 0.18.1-47-g9310371 (webtiles) character file.

18025 Gargoyl the Protected (level 12, -3/92 HPs)
             Began as a Demonspawn Abyssal Knight on June 14, 2016.
             Was a High Priest of Lugonu.
             Killed from afar by a deep elf mage (30 damage)
             ... with a bolt of magma
             ... on level 1 of the Elven Halls.
             The game lasted 00:48:26 (21885 turns).

Gargoyl the Protected (Demonspawn Abyssal Knight)  Turns: 21885, Time: 00:48:26

Health: -3/92      AC: 25    Str: 14    XL:     12   Next: 24%
Magic:  0/17       EV: 11    Int: 14    God:    Lugonu [*****.]
Gold:   54         SH: 11    Dex: 14    Spells: 0 memorised, 11 levels left

rFire  . . .     SeeInvis .     s - +0 war axe
rCold  + . .     Gourm    .     T - +2 plate armour {rN+}
rNeg   + . .     Faith    .     p - +2 buckler
rPois  .         Spirit   +     i - +1 hat of Baredij {Slay+5}
rElec  +         Dismiss  .     (no cloak)
rCorr  .         Reflect  .     C - +0 pair of gloves {archery}
SustAt .         Harm     .     k - +2 pair of boots "Ubyrur" {rElec rC+ Stlth+}
MR     .....     Rnd*Tele +     (no amulet)
Stlth  ..........               g - +3 ring of slaying
                                t - +4 ring of evasion

@: not resistant to hostile enchantments, extremely unstealthy
A: horns 1, talons 1, large bone plates 2, high mp 1, electricity resistance,
teleportitis 1, weak 1, evolution 1, magic shield, rot immunity
a: Depart the Abyss, Bend Space, Banish, Corrupt, Enter the Abyss, Renounce
Religion


You were on level 1 of the Elven Halls.
You worshipped Lugonu.
Lugonu was extremely pleased with you.
You were full.

You visited 3 branches of the dungeon, and saw 13 of its levels.
You visited the Abyss 1 time.

You collected 1140 gold pieces.
You spent 1086 gold pieces at shops.

Inventory:

Hand Weapons
 s - a +0 war axe (weapon)
Missiles
 d - 19 bolts
 m - 20 tomahawks (quivered)
Armour
 i - the +1 hat of Baredij (worn) {Slay+5}
   (You bought it in a shop on level 2 of the Orcish Mines)

   It affects your accuracy and damage with ranged weapons and melee attacks
   (+5).
 k - the +2 pair of boots "Ubyrur" (worn) {rElec rC+ Stlth+}
   (You bought it in a shop on level 2 of the Orcish Mines)

   It protects you from cold.
   It insulates you from electricity.
   It makes you more stealthy.
 n - the +2 cloak of the Thief {+Fog Slay-2 SInv Stlth+}
   (You found it on level 7 of the Dungeon)

   It affects your accuracy and damage with ranged weapons and melee attacks
   (-2).
   It lets you see invisible.
   It can be evoked to emit clouds of fog.
   It makes you more stealthy.
 p - a +2 buckler (worn)
 C - a +0 pair of gloves of archery (worn)
 Q - a +1 pair of boots of running
 T - a +2 plate armour of positive energy (worn)
Jewellery
 g - a +3 ring of slaying (right hand)
 j - an uncursed ring of magical power
 l - a +5 ring of protection
 o - an uncursed ring of ice
 t - a +4 ring of evasion (left hand)
 P - an uncursed ring of poison resistance
Wands
 z - a wand of iceblast (12/15)
 D - a wand of iceblast (10/15)
 E - a wand of paralysis (8/24)
 H - a wand of iceblast (3/15)
 J - a wand of lightning (0/15)
 L - a wand of confusion (22/48)
 O - a wand of teleportation (6/9)
Scrolls
 a - a scroll of teleportation
 f - a scroll of recharging
 h - 4 scrolls of random uselessness
 r - 6 scrolls of remove curse {unknown}
 x - 2 scrolls of enchant weapon {unknown}
 y - a scroll of magic mapping {unknown}
 A - 2 scrolls of fear {unknown}
Potions
 b - 2 potions of brilliance
 q - 2 potions of cancellation
 S - 2 potions of haste
Books
 G - a book of Burglary

   Spells                             Type                      Level
   a - Swiftness                      Charms/Air                   2
   b - Passwall                       Transmutation/Earth          2
   c - Passage of Golubria            Translocation                4
   d - Lee's Rapid Deconstruction     Earth                        5
   e - Darkness                       Hexes                        6
   f - Invisibility                   Hexes                        6
Miscellaneous
 M - a phial of floods
Comestibles
 c - 8 bread rations
 N - a beef jerky


   Skills:
 + Level 7.7 Fighting
 + Level 8.5 Axes
 + Level 2.6 Throwing
 * Level 10.5 Armour
 + Level 6.3 Dodging
 + Level 1.1 Stealth
 + Level 8.4 Shields
 + Level 5.0 Invocations
 + Level 0.4 Evocations


You had 11 spell levels left.
You didn't know any spells.

Dungeon Overview and Level Annotations

Branches:
Dungeon (10/15)            Temple (0/1) D:5            Lair (0/8) D:8
    Orc (2/2) D:9             Elf (1/3) Orc:2

Altars:
Ashenzari
Cheibriados
Dithmenos
Elyvilon
Fedhas
Gozag
Kikubaaqudgha
Makhleb
Okawaru
Qazlal
Ru
Sif Muna
Yredelemnul
Zin
The Shining One
Beogh

Shops:
Orc:2 }[[*[

Annotations:
Abyss:1 Prince Ribbit


Innate Abilities, Weirdness & Mutations

You have sharp toenails.
You are mostly covered in large bone plates (AC +3, SH +3).
When hurt, damage is shared between your health and your magic reserves.
You are immune to rotting.
You have a pair of small horns on your head.
You have an increased reservoir of magic (+10% MP).
You are resistant to electric shocks.
You are occasionally teleported next to monsters.
You are weak. (Str -2)
You evolve.


Message History

The deep elf mage is moderately wounded.
The deep elf mage casts a spell.
The deep elf mage blinks!
The deep elf mage hits you but does no damage.
You hit the deep elf mage.
The deep elf mage is moderately wounded.
The deep elf mage points at you and mumbles some strange words.
The bolt of magma hits you!
* * * LOW HITPOINT WARNING * * *
Your plate armour prevents you from hitting the deep elf mage.
The deep elf mage is moderately wounded.
The deep elf mage hits you but does no damage.
You slash the deep elf mage!
The deep elf mage is severely wounded.
The deep elf mage hits you but does no damage.
You slash the deep elf mage!
The deep elf mage is almost dead.
The deep elf mage points at you and mumbles some strange words.
The bolt of magma hits you!
You die...

## (# ##(#.
#.(.# #..(#
#####...#####
#...........###
..............#
....e.).e......
#.....8@....#
######...#####
#<........
######...##
..8.. ......
.......
......... ## ..


You could see 2 deep elf magi.

Vanquished Creatures
  A dancing weapon (Elf:1)
  An orc high priest (Orc:2)
  A hill giant (D:9)
  An orc knight (Orc:1)
  6 deep elf magi (Elf:1)
  An orc sorcerer (Orc:1)
  4 trolls
  A yak (D:7)
  3 fire elementals (Elf:1)
  2 wyverns (D:9)
  A steam dragon (D:8)
  A hippogriff (D:10)
  A hungry ghost (D:10)
  4 wargs
  A water moccasin (D:10)
  20 orc warriors
  3 sky beasts
  2 ice beasts (D:9)
  3 phantoms
  3 black bears
  A necrophage (D:9)
  9 ogres
  3 centaurs
  The ghost of tscho the Insei, an amateur MfTm (D:3)
  A big kobold (D:9)
  5 giant frogs
  An earth elemental (Elf:1)
  A wyvern skeleton (D:9)
  10 scorpions
  10 killer bees
  2 vampire bats (D:8)
  5 howler monkeys
  4 crimson imps
  2 centaur zombies
  3 centaur skeletons
  5 hounds
  2 jellies
  A giant frog skeleton (D:6)
  2 giant frog zombies
  A gnoll shaman (Orc:2)
  26 orc priests
  24 orc wizards
  2 iguanas
  10 worker ants
  A hound skeleton (D:4)
  10 gnolls
  A howler monkey skeleton (D:4)
  11 adders
  4 shadow imps
  An ooze (D:2)
  An adder zombie (D:5)
  4 dart slugs
  7 giant geckos
  69 orcs
  A ball python (D:2)
  2 bat skeletons (D:8)
  2 bat zombies (D:8)
  9 giant cockroaches
  2 gnoll zombies (D:3)
  6 goblins
  9 hobgoblins
  8 jackals
  9 quokkas
  10 bats
  5 giant newts
  A jackal zombie (D:9)
  11 kobolds
  A quokka skeleton (D:6)
  8 rats
384 creatures vanquished.

Vanquished Creatures (others)
  An orc high priest (Orc:2)
  A hungry ghost (D:8)
  An ogre (D:7)
  An orc wizard (Orc:2)
  An orc (Orc:1)
5 creatures vanquished.

Grand Total: 389 creatures vanquished

Notes
Turn   | Place    | Note
--------------------------------------------------------------
     0 | Abyss:1  | Gargoyl the Demonspawn Abyssal Knight began the quest for the Orb.
     0 | Abyss:1  | Reached XP level 1. HP: 18/18 MP: 2/2
    74 | Abyss:2  | Noticed a smoke demon
    76 | D:1      | Escaped the Abyss
   370 | D:1      | Reached skill level 1 in Dodging
   386 | D:1      | Gained mutation: You are partially covered in large bone plates (AC +2, SH +2). [demonic ancestry]
   386 | D:1      | Reached XP level 2. HP: 24/24 MP: 3/3
   387 | D:1      | Reached * piety under Lugonu
   501 | D:1      | Reached skill level 2 in Armour
   775 | D:2      | Reached XP level 3. HP: 24/30 MP: 4/4
   926 | D:2      | Found a glowing silver altar of Zin.
   960 | D:2      | Found a faded altar to an unknown god.
   983 | D:2      | Reached ** piety under Lugonu
  1232 | D:2      | Found a sacrificial altar of Ru.
  1314 | D:2      | Found an iron altar of Okawaru.
  1391 | D:2      | Found an opulent altar of Gozag.
  1407 | D:2      | Reached XP level 4. HP: 31/37 MP: 5/5
  1597 | D:3      | Found a shadowy altar of Dithmenos.
  1617 | D:3      | Found a blossoming altar of Fedhas.
  1644 | D:3      | Noticed tscho's ghost (amateur MfTm)
  2022 | D:4      | Noticed a phantom
  2098 | D:4      | Killed a phantom
  2098 | D:4      | Reached skill level 3 in Armour
  2098 | D:4      | Reached skill level 1 in Shields
  2098 | D:4      | Reached XP level 5. HP: 28/42 MP: 6/6
  2367 | D:4      | Found a stormy altar of Qazlal.
  2495 | D:4      | Reached XP level 6. HP: 33/48 MP: 7/7
  2802 | D:4      | Got a crude ruby amulet
  3046 | D:5      | Entered Level 5 of the Dungeon
  3092 | D:5      | Reached skill level 4 in Armour
  3127 | D:5      | Reached skill level 1 in Throwing
  3127 | D:5      | Gained mutation: You are mostly covered in large bone plates (AC +3, SH +3). [demonic ancestry]
  3127 | D:5      | Reached XP level 7. HP: 48/54 MP: 8/8
  3203 | D:5      | Noticed Prince Ribbit
  3854 | D:5      | Identified the amulet of Vanity {Inacc rElec rF- MR++} (You found it on level 4 of the Dungeon)
  4731 | D:6      | Found a snail-covered altar of Cheibriados.
  4822 | D:6      | Reached *** piety under Lugonu
  4950 | D:6      | Reached XP level 8. HP: 53/61 MP: 9/9
  5160 | D:6      | Got a scorched scale mail
  5161 | D:6      | Identified the cursed +1 scale mail of the Wilderness {rC+ rN++ Str-4} (You found it on level 6 of the Dungeon)
  5219 | D:6      | Found a shattered altar of Ashenzari.
  5322 | D:6      | Found a deep blue altar of Sif Muna.
  5775 | D:7      | Reached skill level 5 in Armour
  7120 | D:5      | Banished Prince Ribbit
  7484 | D:5      | Found a staircase to the Ecumenical Temple.
  7809 | D:3      | Found a white marble altar of Elyvilon.
  7887 | D:3      | Found a basalt altar of Yredelemnul.
  8043 | D:3      | Killed tscho's ghost
  8310 | D:3      | Gained mutation: You have sharp toenails. [demonic ancestry]
  8310 | D:3      | Reached XP level 9. HP: 67/67 MP: 11/11
  8310 | D:3      | Reached **** piety under Lugonu
  8431 | D:7      | Reached skill level 5 in Fighting
  8543 | D:7      | Found a burning altar of Makhleb.
  8592 | D:8      | Found a staircase to the Lair.
  8609 | D:8      | Reached skill level 5 in Axes
  8878 | D:8      | Reached skill level 6 in Armour
  8897 | D:8      | Reached skill level 5 in Dodging
  9649 | D:8      | Reached skill level 5 in Shields
  9883 | D:8      | Found an ancient bone altar of Kikubaaqudgha.
 10003 | D:8      | Reached skill level 7 in Armour
 10639 | D:9      | Reached XP level 10. HP: 39/75 MP: 13/13
 11076 | D:9      | Found a blossoming altar of Fedhas.
 11507 | D:9      | Noticed a hill giant
 11527 | D:9      | Killed a hill giant
 11967 | D:9      | Identified a +1 pair of boots of running (You found it on level 9 of the Dungeon)
 12306 | D:9      | Found a staircase to the Orcish Mines.
 12325 | D:9      | Found a glowing golden altar of the Shining One.
 12753 | D:9      | Reached ***** piety under Lugonu
 12759 | D:9      | Gained mutation: You have an increased reservoir of magic (+10% MP). [mutagenic meat]
 12760 | D:9      | Gained mutation: Your mind is acute. (Int +2) [mutagenic meat]
 12761 | D:9      | Gained mutation: Your natural rate of healing is unusually fast. [mutagenic meat]
 12762 | D:9      | Gained mutation: You have a pair of small horns on your head. [mutagenic meat]
 12763 | D:9      | Gained mutation: You evolve. [mutagenic meat]
 12764 | D:9      | Gained mutation: You are frail (-10% HP). [mutagenic meat]
 12926 | D:10     | Entered Level 10 of the Dungeon
 13024 | D:10     | Lost mutation: You are frail (-10% HP). [mutagenic meat]
 13025 | D:10     | Gained mutation: You are resistant to electric shocks. [mutagenic meat]
 13116 | D:10     | Reached skill level 8 in Armour
 13178 | D:10     | Found an opulent altar of Gozag.
 14218 | Orc:1    | Entered Level 1 of the Orcish Mines
 14682 | Orc:1    | Noticed a wolf spider
 14684 | Orc:1    | Noticed a wolf spider
 14995 | Orc:1    | Gained mutation: When hurt, damage is shared between your health and your magic reserves. [demonic ancestry]
 14995 | Orc:1    | Reached XP level 11. HP: 82/82 MP: 15/15
 15147 | Orc:2    | Entered Level 2 of the Orcish Mines
 15246 | Orc:2    | Noticed an orc sorcerer
 15247 | Orc:2    | Paralysed by an orc sorcerer for 6 turns
 15368 | Orc:1    | Paralysed by an orc sorcerer for 7 turns
 15382 | Orc:1    | Paralysed by an orc sorcerer for 3 turns
 15390 | Orc:1    | Killed an orc sorcerer
 15625 | Orc:2    | Noticed an orc knight
 15807 | Orc:1    | HP: 5/124 [orc knight/uncursed great sword (9)]
 15808 | Orc:1    | Killed an orc knight
 16135 | Orc:2    | Found a roughly hewn altar of Beogh.
 16196 | Orc:2    | Noticed an orc high priest
 16355 | Orc:1    | Reached skill level 9 in Armour
 16428 | Orc:2    | Noticed an orc high priest
 16430 | Orc:2    | Noticed an orc sorcerer
 16435 | Orc:2    | Noticed a sun demon
 16508 | Orc:1    | Banished an orc sorcerer
 16531 | Orc:1    | Noticed a sun demon
 16533 | Orc:1    | Noticed a soul eater
 16541 | Orc:1    | Lost mutation: Your natural rate of healing is unusually fast. [potion of mutation]
 16541 | Orc:1    | Lost mutation: Your mind is acute. (Int +2) [potion of mutation]
 17100 | Orc:2    | Noticed an orc high priest
 17288 | Orc:2    | Noticed an orc high priest
 17374 | Orc:1    | Gained mutation: You are occasionally teleported next to monsters. [a neqoxec]
 17380 | Orc:1    | Gained mutation: You are clumsy. (Dex -2) [a neqoxec]
 17387 | Orc:1    | Noticed an orc knight
 17401 | Orc:1    | Noticed a sun demon
 18100 | Orc:1    | Banished an orc knight
 18334 | Orc:1    | Banished an orc high priest
 18626 | Orc:2    | Banished an orc high priest
 18705 | Orc:2    | Found Joasul's Gadget Emporium.
 18705 | Orc:2    | Found Adyrch's Antique Armour Shoppe.
 18712 | Orc:2    | HP: 4/83 [orc priest/divine providence (7)]
 18713 | Orc:2    | HP: 1/83 [orc priest/nerve-wracking pain (4)]
 19023 | Orc:2    | Reached skill level 1 in Stealth
 19073 | Orc:2    | Found Paulif's General Store.
 19404 | Orc:2    | Banished an orc high priest
 19964 | Orc:2    | Found Uzyl's Antique Armour Emporium.
 20388 | Orc:2    | Bought a +3 ring of slaying for 585 gold pieces
 20396 | Orc:2    | Bought a dazzling hat for 216 gold pieces
 20401 | Orc:2    | Identified the +1 hat of Baredij {Slay+5} (You bought it in a shop on level 2 of the Orcish Mines)
 20414 | Orc:2    | Bought a pair of brightly glowing boots for 285 gold pieces
 20424 | Orc:2    | Identified the +2 pair of boots "Ubyrur" {rElec rC+ Stlth+} (You bought it in a shop on level 2 of the Orcish Mines)
 20613 | Orc:2    | Noticed an orc high priest
 20626 | Orc:2    | Gained mutation: You are weak. (Str -2) [a neqoxec]
 20627 | Orc:2    | Killed an orc high priest
 20627 | Orc:2    | Reached skill level 10 in Armour
 20750 | Orc:2    | Found a staircase to the Elven Halls.
 20833 | Orc:2    | Found Zarag's Antique Armour Boutique.
 20837 | Elf:1    | Entered Level 1 of the Elven Halls
 20837 | Elf:1    | Lost mutation: You are clumsy. (Dex -2) [evolution]
 21039 | Elf:1    | Noticed a deep elf mage
 21050 | Elf:1    | Killed a deep elf mage
 21190 | Elf:1    | Noticed a deep elf mage
 21193 | Elf:1    | Noticed a deep elf mage
 21198 | Elf:1    | Killed a deep elf mage
 21198 | Elf:1    | Gained mutation: You are immune to rotting. [demonic ancestry]
 21198 | Elf:1    | Reached XP level 12. HP: 75/91 MP: 13/17
 21258 | Elf:1    | HP: 4/91 [deep elf mage/bolt of lightning (7)]
 21267 | Elf:1    | HP: 2/91 [deep elf mage/bolt of lightning (4)]
 21873 | Elf:1    | Reached skill level 5 in Invocations
 21885 | Elf:1    | Killed from afar by a deep elf mage

Skill      XL: |  1  2  3  4  5  6  7  8  9 10 11 12 |
---------------+-------------------------------------+-----
Dodging        | 1 2 3 4 5 6 |  6.3
Armour         | 2 3 4 5 7 8 10 | 10.5
Axes           | 2 3 4 6 7 8 |  8.5
Shields        | 1 2 3 4 5 6 8 |  8.4
Fighting       | 4 5 6 7 |  7.7
Throwing       | 1 2 |  2.6
Invocations    | 3 4 5 |  5.0
Stealth        | 1 |  1.1
Evocations     | |  0.4

Action                   |  1- 3 |  4- 6 |  7- 9 | 10-12 || total
-------------------------+-------+-------+-------+-------++-------
Melee: Hand axe          |   162 |    48 |       |       ||   210
       War axe           |       |   122 |   846 |  1401 ||  2369
       Headbutt          |       |       |       |   217 ||   217
Throw: Tomahawk          |       |     7 |    20 |    23 ||    50
Invok: Depart the Abyss  |     1 |       |       |       ||     1
       Bend Space        |       |     1 |       |       ||     1
       Banish            |       |       |     5 |    10 ||    15
Evoke: Wand              |       |       |       |     5 ||     5
  Use: Potion            |       |       |    12 |     7 ||    19
       Scroll            |       |       |     2 |    21 ||    23
 Stab: Distracted        |       |       |       |     1 ||     1
  Eat: Chunk             |     2 |     4 |    20 |    34 ||    60
       Fruit             |       |     2 |       |    22 ||    24
       Royal jelly       |       |       |     1 |       ||     1
       Pizza             |       |       |     1 |       ||     1
       Bread ration      |       |       |     1 |       ||     1
       Meat ration       |       |       |     1 |     1 ||     2
Armor: Ring mail         |   102 |    70 |   118 |       ||   290
       Skin              |       |       |     4 |     1 ||     5
       Chain mail        |       |       |   345 |   295 ||   640
       Plate armour      |       |       |       |   487 ||   487
Dodge: Dodged            |   101 |    82 |   344 |   647 ||  1174
Block: Buckler           |    63 |    60 |   447 |   866 ||  1436
